 Dungeon Crawl Stone Soup version 0.27.1-2-g3b301248ec (webtiles) character file.

Game seed: 17753401613367431111

27 Descartes the Sneak (level 2, -2/14 HPs)
             Began as a Felid Delver on Oct 2, 2021.
             Slain by a hobgoblin (4 damage)
             ... on level 4 of the Dungeon.
             The game lasted 00:00:36 (357 turns).

Descartes the Sneak (Felid Delver)                   Turns: 357, Time: 00:00:37

Health: -2/14      AC:  1    Str:  8    XL:     2   Next: 93%
Magic:  3/3        EV: 17    Int: 11    God:
Gold:   0          SH:  0    Dex: 17    Spells: 1/1 levels left
                                        Lives:  0   Deaths: 0

rFire    . . .     SeeInvis +     - Unarmed
rCold    . . .     Faith    .   (shield unavailable)
rNeg     . . .     Spirit   .   (armour unavailable)
rPois    .         Reflect  .   (helmet unavailable)
rElec    .         Harm     .   (cloak unavailable)
rCorr    .         Rampage  .   (gloves unavailable)
Will     .....                  (boots unavailable)
Stlth    ++++......             (no amulet)
HPRegen  0.04/turn              (no ring)
MPRegen  0.08/turn              (no ring)

@: quick
A: very small, claws 1, fangs 3, see invisible, speed 1, shaggy fur 1, stealthy
paws, no weapons or thrown items, no armour, multi-lived
a: no special abilities


You were on level 4 of the Dungeon.
You visited 1 branch of the dungeon, and saw 2 of its levels.

Inventory:

Wands
 e - a wand of digging (3)
Scrolls
 a - a scroll of fog
 b - a scroll of magic mapping
 c - a scroll of fear
 f - a scroll of teleportation {unknown}
Potions
 d - a potion of haste
 g - a potion of heal wounds {unknown}


   Skills:
 - Level 3.0 Fighting
 - Level 2.6 Dodging
 + Level 7.9 Stealth
 - Level 2.0 Unarmed Combat


You had one spell level left.
You didn't know any spells.
Your spell library was empty.

Dungeon Overview and Level Annotations

Branches:
Dungeon (5/15)
 Temple: D:4-7

Altars:


Innate Abilities, Weirdness & Mutations

You have sharp claws.
You have razor-sharp teeth.
You have supernaturally acute eyesight. (SInv)
You cover ground quickly. (Speed+)
You are covered in fur. (AC +1)
Your paws help you pounce on unaware monsters.
You are incapable of wielding weapons or throwing items.
You cannot wear armour.
You gain extra lives every three experience levels.


Message History

You scratch the hound skeleton. You bite the hound skeleton.
You destroy the hound skeleton!
Your Stealth skill increases to level 7!
You have reached level 2!
You see here a scroll labelled ZYRAVI ZAINN.
A kobold comes into view. It is wielding a +0 dagger.
An adder skeleton comes into view.
Found a scroll labelled XOYG GEHELELU.
You pounce on the unaware helpless kobold!
You mangle the kobold!!
You kill the kobold!
The adder bites you.
Things that are here:
a +0 dagger; a kobold corpse You scratch the adder.
The adder is heavily wounded.
The adder closely misses you.
You scratch the adder. You bite the adder.
You kill the adder!
Found a golden potion.
You see here a scroll labelled XOYG GEHELELU.
f - a scroll labelled XOYG GEHELELU
Found a stone staircase leading down.
Found a robe.
You pounce on the unaware helpless adder skeleton!
You mangle the adder skeleton!!
You destroy the adder skeleton!
The jelly misses you.
You see here a golden potion.
g - a golden potion The jelly hits you.
You are splashed with acid!
Ouch! That really hurt!
* * * LOW HITPOINT WARNING * * *
Found 19 gold pieces.
A hobgoblin comes into view.
Found a potion of haste.
Found 20 stones.
The hobgoblin shouts!
The hobgoblin hits you.
You die...

............... ##.
........#....## #..#
........#....# #...
.#.........?#..#
#...# ..#........#..#
#...( ..#........#..#
#....#....#......†..#
#...g.#..#........).#
#.!..@#....##....#..#
##...[.$.........#..#
####..J##...##..#..#
#.....##.....#..#
##......##......##
##.......##......
###............#
######.#.....#
#.#.....#


You could see a jelly and a hobgoblin.

Vanquished Creatures
  A hound skeleton (D:4)
  An adder (D:4)
  An adder skeleton (D:4)
  A kobold (D:4)
4 creatures vanquished.

Notes
Turn   | Place    | Note
-------+----------+-------------------------------------------
     0 | D:5      | Descartes the Felid Delver began the quest for the Orb.
     0 | D:5      | Reached XP level 1. HP: 10/10 MP: 2/2
    42 | D:4      | Noticed a jelly
   324 | D:4      | Reached skill level 7 in Stealth
   324 | D:4      | Reached XP level 2. HP: 13/14 MP: 3/3
   357 | D:4      | Slain by a hobgoblin

Illustrated notes

Levels and vault maps discovered:
D:4:      layout_rooms, hangedman_decor_peaks_small, uniq_blork_the_orc
D:5:      layout_layer_cave, minmay_temple_entry_slanted, serial_shops,
          kennysheep_mini_moat, uniq_duvessa, uniq_menkaure

Skill      XL: |  1 |
---------------+----+-----
Stealth        | 7 |  7.9
Fighting       | |  3.0
Dodging        | |  2.6
Unarmed Combat | |  2.0

Action                   || total
-------------------------++-------
Melee: Unarmed           ||    11
       Bite              ||     2
 Stab: Sleeping          ||     2
Dodge: Dodged            ||     8
